 Seeded DCSS version 0.30-a0-830-gfe289a77b0 (webtiles) character file.

Game seed: 9545873883287505910 (custom seed)

50 hikkokomori the Chopper (level 3, 0/31 HPs)
             Began as a Hill Orc Reaver on Mar 1, 2023.
             Slain by a hobgoblin
             ... wielding the +9 war axe of Kish {vamp, *Corrode rF+ Int+3 Dex+3}
              (12 damage)
             ... on level 3 of the Dungeon.
             The game lasted 00:01:47 (1579 turns).

hikkokomori the Chopper (Hill Orc Reaver)           Turns: 1579, Time: 00:01:47

Health: 0/31       AC:  3    Str: 16    XL:     3   Next: 79%
Magic:  5/5        EV: 11    Int: 13    God:
Gold:   79         SH:  0    Dex:  9    Spells: 4/5 levels left

rFire   . . .      SeeInvis .    a - +0 hand axe
rCold   . . .      Faith    .    (no shield)
rNeg    . . .      Spirit   .    b - +0 leather armour
rPois   .          Reflect  .    (no helmet)
rElec   .          Harm     .    (no cloak)
rCorr   .          Rampage  .    (no gloves)
Will    .....                    (no boots)
Stlth   +                        (no amulet)
HPRegen 0.25/turn                (no ring)
MPRegen 0.09/turn                (no ring)

@: no status effects
A: no striking features
a: no special abilities


You were on level 3 of the Dungeon.
You visited 1 branch of the dungeon, and saw 3 of its levels.

You collected 79 gold pieces.

Inventory:

Hand Weapons
 a - a +0 hand axe (weapon)
Armour
 b - a +0 leather armour (worn)
Jewellery
 c - an amulet of faith
 g - a ring of resist corrosion
Scrolls
 d - a scroll of amnesia {unknown}
 e - 3 scrolls of identify {unknown}
 i - a scroll of acquirement {unknown}
 j - a scroll of vulnerability {unknown}
Potions
 f - a potion of flight {unknown}
 h - a potion of brilliance {unknown}


   Skills:
 + Level 3.4 Fighting
 + Level 4.8 Axes
 - Level 1.5 Dodging
 - Level 1.5 Spellcasting
 + Level 3.5 Conjurations


You had 4 spell levels left.
You knew the following spells:

 Your Spells              Type           Power      Damage    Failure   Level
a - Kiss of Death         Conj/Necr      20%        2d7       16%         1

Your spell library contained the following spells:

 Spells                   Type           Power      Damage    Failure   Level
 Foxfire                  Conj/Fire      20%        2x1d5     16%         1
 Momentum Strike          Conj/Tloc      10%        3d8       24%         2
 Hailstorm                Conj/Ice       5%         3d4       43%         3
 Lesser Beckoning         Tloc           2%         N/A       45%         2
 Mephitic Cloud           Conj/Pois/Air  4%         N/A       52%         3
 Gell's Gravitas          Tloc           1%         N/A       69%         3
 Teleport Other           Tloc           1%         N/A       69%         3
 Flame Wave               Conj/Fire      5%         2d5       83%         4
 Lightning Bolt           Conj/Air       2%         1d14      99%         5


Dungeon Overview and Level Annotations

Branches:
Dungeon (2/15)

Altars:

Shops:
D:2 [


Message History

No target in view!
No target in view!
No target in view!
No target in view!
No target in view!
A goblin comes into view. It is wielding a +0 club.
The goblin shouts!
A goblin is nearby!
A goblin is nearby!
The goblin misses you.
You closely miss the goblin. The goblin hits you with a +0 club.
You hit the goblin.
You kill the goblin!
No target in view!
No target in view!
No target in view!
No target in view!
No target in view!
No target in view!
No target in view!
Things that are here:
a +0 club; a goblin corpse A hobgoblin comes into view.
It is wielding the +9 war axe of Kish {vamp, *Corrode rF+ Int+3 Dex+3}.
A hobgoblin is nearby!
A hobgoblin is nearby!
You hit the hobgoblin but do no damage. The hobgoblin closely misses you.
You hit the hobgoblin.
The hobgoblin is moderately wounded.
The hobgoblin hits you with the +9 war axe of Kish {vamp, *Corrode rF+ Int+3 Dex+3}!
The hobgoblin draws strength from your wounds!
You hit the hobgoblin.
The hobgoblin is heavily wounded.
The hobgoblin hits you with the +9 war axe of Kish {vamp, *Corrode rF+ Int+3 Dex+3}!
The hobgoblin draws strength from your wounds!
The hobgoblin drinks a potion.
The hobgoblin suddenly seems more resistant.
You hit the hobgoblin.
The hobgoblin is heavily wounded.
The hobgoblin hits you with the +9 war axe of Kish {vamp, *Corrode rF+ Int+3 Dex+3}!
You die...

###### ## #....#
########### #. #@##.#
#..........
#.####g##.###.#########
#.......#.....#
##...########## #....+
#....###+## ###
#......>..# #..
#.##......# ###.# #.
#......####### #..).


You could see a hobgoblin (resistant).

Vanquished Creatures
  An adder (D:2)
  A worm (D:2)
  A dart slug (D:2)
  A ball python (D:3)
  2 bats
  3 endoplasms
  3 giant cockroaches
  2 hobgoblins (D:1)
  4 jackals (D:1)
  2 quokkas
  A frilled lizard (D:1)
  6 goblins
  3 kobolds
  A rat (D:3)
31 creatures vanquished.

Notes
Turn   | Place    | Note
-------+----------+-------------------------------------------
     0 | D:1      | hikkokomori the Hill Orc Reaver began the quest for the
                  | Orb.
     0 | D:1      | Reached XP level 1. HP: 18/18 MP: 3/3
    83 | D:1      | Got the Vellum of the Eleven Servitors
   251 | D:1      | Reached XP level 2. HP: 22/25 MP: 4/4
   309 | D:1      | Found a faded altar of an unknown god.
   964 | D:2      | Reached XP level 3. HP: 31/31 MP: 5/5
  1107 | D:2      | Found Talekk's Armour Shoppe.
  1234 | D:2      | You fall into a shaft and drop 1 floor!
  1574 | D:3      | Identified the +9 war axe of Kish {vamp, *Corrode rF+ Int+3
                  | Dex+3}
  1579 | D:3      | Slain by a hobgoblin

Illustrated notes

Levels and vault maps discovered:
D:1:      doesnt_arrival_eight_statues, layout_loops_ring,
          ebering_ecumenical_altar_petrified
D:2:      layout_loops_corners, serial_shops, shop
D:3:      layout_basic

Skill      XL: |  1  2 |
---------------+-------+-----
Fighting       | 3 |  3.4
Axes           | |  4.8
Dodging        | |  1.5
Spellcasting   | |  1.5
Conjurations   | |  3.5

Action                     || total
---------------------------++-------
  Melee: Hand axe          ||   152
    Use: Potion            ||     2
 Armour: Leather armour    ||    48
  Dodge: Dodged            ||   101

Table legend: (Time is in decaauts)
 A = Elapsed time spent in this place.
 B = Non-inter-level travel time spent in this place.
 C = Inter-level travel time spent in this place.
 D = Time resting spent in this place.
 E = Time spent auto-exploring this place.
 F = Levels seen in this place.
 G = Mean time per level.
                   A        B        C        D        E       F      G
               +--------+--------+--------+--------+--------+-----+--------+
         Total |   1590 |   1536 |     54 |      0 |   1265 |   3 |  530.0 |
       Dungeon |   1590 |   1536 |     54 |      0 |   1265 |   3 |  530.0 |
               +--------+--------+--------+--------+--------+-----+--------+

Top non-repeatable levels by time:
     D:1: 869 daAuts
     D:2: 373 daAuts
     D:3: 347 daAuts
